[Event "Tata Steel GCT Blitz 2019"]
[Site "Kolkata"]
[Date "2019.11.25"]
[Round "7"]
[White "Giri, Anish"]
[Black "So, Wesley"]
[Result "0-1"]
[ECO "E08"]
[WhiteElo "2776"]
[BlackElo "2760"]
[Annotator "RC"]
[PlyCount "99"]
[EventDate "2019.11.25"]
[EventType "tourn"]
[EventCountry "IND"]
[SourceTitle "playchess.com"]
[Source "ChessBase"]
[SourceQuality "1"]
[TimeMode "Bronstein"]
[TimeControl "300+3"]

1. d4 Nf6 2. c4 e6 3. Nf3 d5 4. g3 Bb4+ 5. Bd2 Be7 6. Bg2 Nbd7 7. O-O O-O 8. Qc2 c6 9. Bf4 b6 10. cxd5 cxd5 11. Rc1 Bb7 12. Bc7 Qe8 13. Qb3 Rc8 14. Na3 Ba6 15. Nb5 Bxb5 16. Qxb5 Nc5 17. Qxe8 Rfxe8 18. Bf4 Na4 19. Rxc8 Rxc8 20. Rc1 Rxc1+ 21. Bxc1 Nd7 22. Ne1 b5 23. Nd3 f5 24. Bd2 Nab6 25. b3 Nb8 26. Ne5 N6d7 27. Nxd7 Nxd7 28. Bf4 Kf7 29. e3 Nf6 30. Bf1 Ne4 31. Bxb5 Nc3 32. a4 g5 33. Bc7 Bb4 34. Bd3 a5 35. g4 Kg6 36. Kg2 h5 37. gxf5+ exf5 38. Bb5 h4 39. Be8+ Kh6 40. Bd8 Ne4 41. Bc6 h3+ 42. Kg1 Nc3 43. Bd7 Kg6 44. Be8+ Kh6 45. Bd7 Kg6 46. Be6 g4 47. Bd7 Ne4 48. Be8+ Kh6 49. Bf7 Nc3 50. Bc7 0-1

[Event "Tata Steel GCT Blitz 2019"]
[Site "Kolkata"]
[Date "2019.11.25"]
[Round "7"]
[White "Nakamura, Hikaru"]
[Black "Anand, Viswanathan"]
[Result "1/2-1/2"]
[ECO "C65"]
[WhiteElo "2741"]
[BlackElo "2757"]
[Annotator "ChessBase"]
[PlyCount "65"]
[EventDate "2019.11.25"]
[EventType "tourn"]
[EventCountry "IND"]
[SourceTitle "playchess.com"]
[Source "ChessBase"]
[SourceQuality "1"]
[TimeMode "Bronstein"]
[TimeControl "300+3"]

1. e4 e5 2. Nf3 Nc6 3. Bb5 Nf6 4. d3 Bc5 5. O-O Nd4 6. Be3 Nxf3+ 7. Qxf3 Bxe3 8. Qxe3 O-O 9. d4 d6 10. Be2 Re8 11. Nc3 c6 12. dxe5 dxe5 13. Rad1 Qb6 14. Qxb6 axb6 15. a4 Be6 16. b3 Kf8 17. f3 Ke7 18. Kf2 Red8 19. Ke3 Nd7 20. Nb1 Nc5 21. Rxd8 Kxd8 22. Nd2 Kc7 23. g3 f6 24. f4 Nd7 25. h4 h6 26. h5 Bf7 27. Bg4 Re8 28. Bxd7 Kxd7 29. g4 exf4+ 30. Kxf4 Ke7 31. Nf3 Rd8 32. Re1 Be6 33. Rg1 1/2-1/2

[Event "Tata Steel GCT Blitz 2019"]
[Site "Kolkata"]
[Date "2019.11.26"]
[Round "16"]
[White "Anand, Viswanathan"]
[Black "Nakamura, Hikaru"]
[Result "1/2-1/2"]
[ECO "C54"]
[WhiteElo "2757"]
[BlackElo "2741"]
[Annotator "RC"]
[PlyCount "42"]
[EventDate "2019.11.25"]
[EventType "tourn"]
[EventCountry "IND"]
[SourceTitle "playchess.com"]
[Source "ChessBase"]
[SourceQuality "1"]
[TimeMode "Bronstein"]
[TimeControl "300+3"]

1. e4 e5 2. Nf3 Nc6 3. Bc4 Bc5 4. c3 Nf6 5. d3 d6 6. O-O O-O 7. Bg5 h6 8. Bh4 a6 9. a4 Ba7 10. Nbd2 g5 11. Bg3 Kg7 12. Re1 Nh7 13. b4 h5 14. h3 h4 15. Bh2 g4 16. hxg4 Bxg4 17. b5 Ne7 18. d4 Ng6 19. Be2 Qf6 20. bxa6 bxa6 21. Kh1 Nf4 1/2-1/2